 Dungeon Crawl Stone Soup version 0.21-a0-265-gb353147 (webtiles) character file.

154 Blomdor the Chopper (level 5, 0/44 HPs)
             Began as a Barachi Wizard on Sept 10, 2017.
             Was an Initiate of Okawaru.
             Slain by a centaur (9 damage)
             ... on level 4 of the Dungeon.
             The game lasted 00:06:56 (3658 turns).

Blomdor the Chopper (Barachi Wizard)                Turns: 3658, Time: 00:06:56

Health: 0/44       AC:  4    Str: 11    XL:     5   Next: 36%
Magic:  9/9        EV: 12    Int: 19    God:    Okawaru [......]
Gold:   133        SH:  0    Dex: 10    Spells: 3/10 levels left

rFire    . . .     SeeInvis .   q - +1 war axe
rCold    . . .     Gourm    .   (no shield)
rNeg     . . .     Faith    .   a - +0 robe
rPois    .         Spirit   .   e - +0 helmet
rElec    .         Reflect  .   x - scarf {repulsion}
rCorr    .         Harm     .   (no gloves)
MR       .....                  (no boots)
Stlth    ++........             (no amulet)
HPRegen  0.14/turn              (no ring)
MPRegen  0.11/turn              (no ring)

@: repel missiles, slow
A: +LOS, swims, rugged brown scales 1, robust 1, slowness 1, strong 1,
MP-powered wands, strong legs 1
a: Hop, Renounce Religion


You were on level 4 of the Dungeon.
You worshipped Okawaru.
Okawaru was noncommittal.
You were not hungry.

You visited 1 branch of the dungeon, and saw 4 of its levels.

You collected 133 gold pieces.

Inventory:

Hand Weapons
 q - a +1 war axe (weapon)
 w - a +1 dagger of venom
Armour
 a - a +0 robe (worn)
 e - a +0 helmet (worn)
 l - a +0 plate armour
 o - a +0 scale mail
 u - a +0 buckler
 x - a scarf of repulsion (worn)
Wands
 t - a wand of flame (26/48)
Scrolls
 j - 2 scrolls of teleportation
 r - a scroll of remove curse
 y - a scroll of identify
 A - a scroll of enchant weapon
Potions
 b - a potion of curing {unknown}
 f - a potion of invisibility {unknown}
 g - a potion of flight {unknown}
 i - a potion of brilliance {unknown}
 k - 2 potions of resistance {unknown}
 n - a potion of degeneration {unknown}
 p - a potion of heal wounds
 s - a potion of lignification
 v - a potion of cancellation
Books
 c - a book of Minor Magic

   Spells                             Type                      Level
   a - Magic Dart                     Conjuration                  1
   b - Blink                          Translocation                2
   c - Call Imp                       Summoning                    2
   d - Slow                           Hexes                        2
   e - Conjure Flame                  Conjuration/Fire             3
   f - Mephitic Cloud                 Conjuration/Poison/Air       3
Comestibles
 d - a bread ration
 h - 2 meat rations
 m - 2 fruits


   Skills:
 + Level 2.7 Fighting
 * Level 4.0 Axes
 + Level 1.2 Armour
 - Level 2.1 Dodging
 - Level 1.7 Stealth
 - Level 1.2 Shields
 - Level 3.2 Spellcasting
 - Level 1.1 Conjurations
   Level 1.2 Summonings
   Level 1.1 Translocations
 + Level 0.0 Invocations


You had 3 spell levels left.
You knew the following spells:

 Your Spells              Type           Power        Failure   Level  Hunger
a - Magic Dart            Conj           #...         10%         1    None
b - Mephitic Cloud        Conj/Pois/Air  #.......     36%         3    ###....
c - Conjure Flame         Conj/Fire      #.......     34%         3    ###....


Dungeon Overview and Level Annotations

Branches:
Dungeon (4/15)
 Temple: D:4-7

Altars:
Okawaru


Innate Abilities, Weirdness & Mutations

Shadows flee at your approach. (+LOS)
You can swim through water.
You cover ground slowly.
You can hop short distances.
You are partially covered in rugged brown scales. (AC +1, +3% HP)
You are robust. (+10% HP)
Your muscles are strong. (Str +2)
You expend magic power (3 MP) to strengthen your wands.


Message History

The centaur hits you. The centaur barely misses you.
You barely miss the centaur.
The centaur is moderately wounded.
The centaur closely misses you. The centaur hits you.
* * * LOW HITPOINT WARNING * * *
You barely miss the centaur.
The centaur is moderately wounded.
The centaur closely misses you. The centaur misses you.
You slash the centaur!
The centaur is almost dead.
The centaur hits you.
* * * LOW HITPOINT WARNING * * *
The centaur closely misses you.
Okay, then.
You barely miss the centaur.
The centaur is almost dead.
The centaur hits you.
* * * LOW HITPOINT WARNING * * *
The centaur hits you!
You die...

.# .# # .. # .### # ... #
.. # # S# #.#+# #
#######c# #.#.###
#.....@.# #......
#.#################.###
#.# #.......>........#.
#.##.###.#############..#.
.#...<..#.######### #..##
#....................
#..#.
#.#########.#########
#..#. #.# ...# #.# #.##


You could see a centaur and an adder.

Vanquished Creatures
  Jessica (D:3)
  3 gnolls (D:2)
  An adder (D:2)
  An ooze (D:1)
  4 worms
  A dart slug (D:3)
  3 leopard geckos
  4 orcs (D:3)
  8 bats
  5 giant cockroaches
  6 goblins
  4 hobgoblins
  4 jackals (D:1)
  2 quokkas (D:3)
  2 frilled lizards
  8 kobolds
  10 rats
67 creatures vanquished.

Notes
Turn   | Place    | Note
-------+----------+-------------------------------------------
     0 | D:1      | Blomdor the Barachi Wizard began the quest for the Orb.
     0 | D:1      | Reached XP level 1. HP: 13/13 MP: 4/4
    67 | D:1      | Reached skill level 1 in Fighting
   212 | D:1      | Reached XP level 2. HP: 21/21 MP: 6/6
   467 | D:1      | Reached skill level 1 in Axes
   732 | D:1      | Reached skill level 2 in Axes
   736 | D:1      | Reached XP level 3. HP: 20/26 MP: 7/7
   745 | D:1      | Learned a level 3 spell: Mephitic Cloud
   749 | D:1      | Learned a level 3 spell: Conjure Flame
  1394 | D:2      | Reached skill level 3 in Axes
  1642 | D:2      | Reached XP level 4. HP: 32/32 MP: 8/8
  1886 | D:2      | HP: 1/32 [gnoll/spear (8)]
  2428 | D:3      | Noticed Jessica
  2438 | D:3      | Killed Jessica
  2438 | D:3      | Reached skill level 1 in Armour
  2438 | D:3      | Reached XP level 5. HP: 29/39 MP: 9/9
  2596 | D:3      | Gained mutation: You expend magic power (3 MP) to strengthen your wands. [potion of mutation]
  2596 | D:3      | Gained mutation: You are robust. (+10% HP) [potion of mutation]
  2596 | D:3      | Gained mutation: Your muscles are strong. (Str +2) [potion of mutation]
  2596 | D:3      | Gained mutation: You are partially covered in rugged brown scales. (AC +1, +3% HP) [potion of mutation]
  2659 | D:3      | Reached skill level 1 in Shields
  3117 | D:3      | Found an iron altar of Okawaru.
  3273 | D:3      | Became a worshipper of Warmaster Okawaru
  3336 | D:3      | Reached skill level 4 in Axes
  3384 | D:3      | Found a faded altar of an unknown god.
  3645 | D:4      | Noticed a centaur
  3658 | D:4      | Slain by a centaur

Vault maps used:
D:1:      saegor_arrival_simple_c, corexii_leaking_fountain
D:3:      okawaru_gym_becter, chequers_ecumenical_altar_lobes, uniq_jessica
D:4:      grunt_temple_overflow_open, first_bread

Skill      XL: |  1  2  3  4  5 |
---------------+----------------+-----
Fighting       | 1 2 |  2.7
Axes           | 2 3 4 |  4.0
Armour         | 1 |  1.2
Shields        | 1 |  1.2
Dodging        | |  2.1
Stealth        | |  1.7
Spellcasting   | |  3.2
Conjurations   | |  1.1
Summonings     | |  1.2
Translocations | |  1.1

Action                   |  1- 3 |  4- 6 || total
-------------------------+-------+-------++-------
Melee: Hand axe          |    82 |       ||    82
       War axe           |    36 |    91 ||   127
       Dagger            |       |    18 ||    18
 Cast: Magic Dart        |    21 |       ||    21
       Mephitic Cloud    |     1 |     4 ||     5
 Abil: Hop               |       |     1 ||     1
  Use: Scroll            |       |     9 ||     9
       Potion            |       |     2 ||     2
 Stab: Sleeping          |     3 |     1 ||     4
       Confused          |     1 |       ||     1
  Eat: Chunk             |     3 |     8 ||    11
Armor: Robe              |    44 |    24 ||    68
Dodge: Dodged            |   107 |    82 ||   189
       Deflected         |       |     6 ||     6

Table legend:
 A = Spawn XP
 B = Non-spawn XP
 C = Spawn XP percentage of total XP
 D = Spawn monster count
 E = Non-spawn monster count
 F = Spawn count percentage of total count
 G = Total turns spent on level
                    A         B        C        D         E        F      G
               +---------+---------+-------+---------+---------+-------+---------
         Total |       0 |     221 |   0.0 |       0 |      67 |   0.0 |  3658
               +---------+---------+-------+---------+---------+-------+---------
           D:1 |       0 |      46 |   0.0 |       0 |      24 |   0.0 |  1058
           D:2 |       0 |      85 |   0.0 |       0 |      19 |   0.0 |  1356
           D:3 |       0 |      90 |   0.0 |       0 |      24 |   0.0 |  1164
               +---------+---------+-------+---------+---------+-------+---------
